[Event "46th GRE-chT Premier 2018"]
[Site "Rio Achaia"]
[Date "2018.07.11"]
[Round "2"]
[White "Grammatikaki, Aggeliki"]
[Black "Psofimi, Milia"]
[Result "1/2-1/2"]
[ECO "A27"]
[WhiteElo "1679"]
[BlackElo "1580"]
[Annotator "NA"]
[PlyCount "122"]
[EventDate "2018.07.10"]
[EventType "team-tourn"]
[EventCountry "GRE"]
[SourceTitle "playchess.com"]
[Source "ChessBase"]
[SourceQuality "1"]
[TimeControl "40/5400+30:1800+30"]

1. c4 e5 2. Nc3 Nc6 3. Nf3 g6 4. g3 Bg7 5. Bg2 Nge7 6. O-O O-O 7. e3 d6 8. d3 Rb8 9. Nd5 Nxd5 10. cxd5 Ne7 11. e4 c6 12. dxc6 Nxc6 13. Bg5 Qc7 14. h3 Be6 15. Qc1 Qd7 16. Kh2 Nb4 17. Qd2 Qa4 18. Be7 Rfe8 19. Bxd6 Nc2 20. Bxb8 Nxa1 21. Bxe5 Bxe5 22. Nxe5 Qxa2 23. f4 f6 24. Ng4 Bxg4 25. hxg4 Qa4 26. Qc3 Nc2 27. b3 Qc6 28. Qxc6 bxc6 29. Rc1 Nd4 30. Ra1 Nxb3 31. Rxa7 Nc5 32. Rc7 Nxd3 33. Rxc6 Nf2 34. Bf3 Nxe4 35. Bxe4 Rxe4 36. Rxf6 Kg7 37. Rb6 Re7 38. g5 Kf7 39. g4 Kg7 40. Kg3 Kf7 41. f5 Ra7 42. Rf6+ Kg7 43. Re6 Kf7 44. Kf4 Ra4+ 45. Re4 Ra7 46. Rd4 Re7 47. Rd6 Ra7 48. Ke5 Ra5+ 49. Rd5 Ra7 50. Rb5 Rc7 51. Kd6 Ra7 52. Rc5 Ra4 53. Rc7+ Kg8 54. Ke7 Ra8 55. Rd7 Rf8 56. Rd8 Rxd8 57. Kxd8 gxf5 58. gxf5 Kf8 59. f6 Kf7 60. Kd7 h5 61. gxh6 Kxf6 1/2-1/2

[Event "46th GRE-chT Premier 2018"]
[Site "Rio Achaia"]
[Date "2018.07.11"]
[Round "2"]
[White "Stefanou, Konstantinos"]
[Black "Stefanou, Dimitrios"]
[Result "1/2-1/2"]
[ECO "E76"]
[WhiteElo "1677"]
[BlackElo "1824"]
[Annotator "NA"]
[PlyCount "59"]
[EventDate "2018.07.10"]
[EventType "team-tourn"]
[EventCountry "GRE"]
[SourceTitle "playchess.com"]
[Source "ChessBase"]
[SourceQuality "1"]
[TimeControl "40/5400+30:1800+30"]

1. d4 Nf6 2. c4 g6 3. Nc3 Bg7 4. e4 d6 5. f4 O-O 6. Nf3 Bg4 7. Be2 Bxf3 8. Bxf3 c6 9. O-O e6 10. e5 dxe5 11. fxe5 Nfd7 12. Be3 Na6 13. Ne4 Qb6 14. Qe2 c5 15. dxc5 Ndxc5 16. Nd6 Qc7 17. Kh1 Bxe5 18. Bxc5 Bxd6 19. Bxd6 Qxd6 20. Bxb7 Rab8 21. Bf3 Nc5 22. Rfd1 Qf4 23. Rd2 Rfd8 24. Rad1 Rxd2 25. Rxd2 Kg7 26. Kg1 Kg8 27. Kh1 Kg7 28. Kg1 Kg8 29. Kh1 Kg7 30. Kg1 1/2-1/2

[Event "46th GRE-chT Premier 2018"]
[Site "Rio Achaia"]
[Date "2018.07.11"]
[Round "2"]
[White "Prokopiou, Ioannis"]
[Black "Laspas, Panagiotis"]
[Result "0-1"]
[ECO "A48"]
[WhiteElo "1674"]
[BlackElo "1917"]
[Annotator "NA"]
[PlyCount "115"]
[EventDate "2018.07.10"]
[EventType "team-tourn"]
[EventCountry "GRE"]
[SourceTitle "playchess.com"]
[Source "ChessBase"]
[SourceQuality "1"]
[TimeControl "40/5400+30:1800+30"]

1. d4 Nf6 2. Nf3 g6 3. Bg5 Bg7 4. e3 d6 5. Bd3 Nc6 6. c3 a6 7. Nbd2 O-O 8. O-O Qe8 9. Qc2 Nd7 10. b4 e5 11. d5 Ne7 12. Bxe7 Qxe7 13. e4 Nf6 14. c4 Nh5 15. Rfc1 f5 16. c5 Nf4 17. Bf1 Kh8 18. Ne1 fxe4 19. Qxe4 Bf5 20. Qc4 e4 21. Nc2 Bxa1 22. Rxa1 Qe5 23. Re1 Qxd5 24. Qxd5 Nxd5 25. cxd6 cxd6 26. Nxe4 Nf4 27. g3 d5 28. gxf4 Bxe4 29. Ne3 Rxf4 30. Rd1 Re8 31. b5 Bf3 32. Rd2 d4 33. Ng2 Bxg2 34. Kxg2 axb5 35. Bxb5 Re5 36. Bd3 Rg5+ 37. Kf1 Rh4 38. f3 Kg7 39. Be4 b5 40. Bc6 Rc5 41. Be4 Rc3 42. Kg2 d3 43. Kg3 Rh5 44. Kf4 Rc2 45. Rxc2 dxc2 46. Bxc2 Rxh2 47. Bb3 Kf6 48. Bd5 Rh4+ 49. Kg3 Rd4 50. Bb3 Ke5 51. Kf2 Kf4 52. Ke2 h5 53. Bf7 h4 54. Be6 Kg3 55. Ke3 Rd1 56. Ke2 Rb1 57. Ke3 Re1+ 58. Kd4 0-1

[Event "46th GRE-chT Premier 2018"]
[Site "Rio Achaia"]
[Date "2018.07.11"]
[Round "2"]
[White "Paraskevas, Georgios"]
[Black "Stamatiou, Rodolfos"]
[Result "0-1"]
[ECO "B22"]
[WhiteElo "1634"]
[BlackElo "1950"]
[Annotator "NA"]
[PlyCount "86"]
[EventDate "2018.07.10"]
[EventType "team-tourn"]
[EventCountry "GRE"]
[SourceTitle "playchess.com"]
[Source "ChessBase"]
[SourceQuality "1"]
[TimeControl "40/5400+30:1800+30"]

1. e4 c5 2. c3 g6 3. d4 cxd4 4. cxd4 d5 5. e5 Nc6 6. Nc3 Nh6 7. Be3 Bg7 8. Qb3 e6 9. Nf3 O-O 10. Bd3 Nf5 11. O-O f6 12. Bxf5 gxf5 13. exf6 Qxf6 14. g3 b6 15. Rad1 Qg6 16. Bf4 Qg4 17. Ne5 Bxe5 18. dxe5 Ne7 19. Rd4 Qg7 20. Re1 Bb7 21. Nb5 Nc6 22. Rdd1 Na5 23. Qb4 Ba6 24. Nd4 Qf7 25. Qd6 Rfe8 26. b3 Rad8 27. Qa3 Bb7 28. Nb5 Qd7 29. Nd6 Rf8 30. Rc1 Nc6 31. Red1 Qg7 32. Re1 Nd4 33. Kg2 Ba8 34. Re3 Kh8 35. h4 Nb5 36. Nxb5 d4+ 37. Kh2 dxe3 38. fxe3 Rd2+ 39. Kg1 Rfd8 40. Nd6 Rg2+ 41. Kf1 Qg4 42. Nf7+ Kg7 43. Bh6+ Kg8 0-1

[Event "46th GRE-chT Premier 2018"]
[Site "Rio Achaia"]
[Date "2018.07.11"]
[Round "2"]
[White "Strati, Betty - Anna"]
[Black "Georgitsi, Sofia"]
[Result "1/2-1/2"]
[ECO "E32"]
[WhiteElo "1631"]
[BlackElo "1420"]
[Annotator "NA"]
[PlyCount "97"]
[EventDate "2018.07.10"]
[EventType "team-tourn"]
[EventCountry "GRE"]
[SourceTitle "playchess.com"]
[Source "ChessBase"]
[SourceQuality "1"]
[TimeControl "40/5400+30:1800+30"]

1. d4 Nf6 2. c4 e6 3. Nc3 Bb4 4. Qc2 b6 5. a3 Bxc3+ 6. Qxc3 Bb7 7. Bg5 d6 8. f3 Nbd7 9. e3 O-O 10. Bd3 Re8 11. Ne2 h6 12. Bh4 Qe7 13. O-O e5 14. e4 Rab8 15. Bf2 a5 16. b4 axb4 17. axb4 Ra8 18. Rfb1 Rxa1 19. Rxa1 Ra8 20. Rxa8+ Bxa8 21. Qa3 Qf8 22. Nc3 exd4 23. Bxd4 Ne5 24. Bxe5 dxe5 25. Nd5 Bxd5 26. cxd5 Qd6 27. Qc3 Kf8 28. Kf2 Ke7 29. h3 Nh5 30. g3 Nf6 31. h4 Nd7 32. Bb5 Nf8 33. Bc6 f6 34. Qa3 Nd7 35. Bxd7 Kxd7 36. Qa4+ Ke7 37. Ke3 Qd7 38. Qc2 Qd6 39. Qc4 Kd7 40. f4 Ke7 41. fxe5 fxe5 42. Kd3 Kd7 43. Ke3 Ke7 44. h5 Kd7 45. Qf1 Ke7 46. Qc4 Kd7 47. Qf1 Ke7 48. Qc4 Kd7 49. Qf1 1/2-1/2

[Event "46th GRE-chT Premier 2018"]
[Site "Rio Achaia"]
[Date "2018.07.11"]
[Round "2"]
[White "Grafakou, Sotiria-Aphrodite"]
[Black "Bania, Eleni"]
[Result "1-0"]
[ECO "D30"]
[WhiteElo "1617"]
[BlackElo "1349"]
[Annotator "NA"]
[PlyCount "115"]
[EventDate "2018.07.10"]
[EventType "team-tourn"]
[EventCountry "GRE"]
[SourceTitle "playchess.com"]
[Source "ChessBase"]
[SourceQuality "1"]
[TimeControl "40/5400+30:1800+30"]

1. d4 d5 2. c4 e6 3. Nf3 c6 4. Nc3 Bd6 5. e4 dxe4 6. Nxe4 Be7 7. Ne5 Nd7 8. Nxd7 Qxd7 9. Be2 Nf6 10. Nc3 O-O 11. O-O b6 12. Bf3 Bb7 13. Be3 Rfd8 14. Qc2 Rac8 15. Rfd1 Qc7 16. Rac1 Bd6 17. h3 Bf4 18. Ne4 Nxe4 19. Qxe4 Bxe3 20. fxe3 Qe7 21. a3 Rd7 22. Rc3 h6 23. Qe5 Rcd8 24. Rcd3 f6 25. Qe4 e5 26. d5 cxd5 27. cxd5 Rd6 28. Qa4 Ba8 29. e4 Qb7 30. Rc3 b5 31. Qb4 Qb6+ 32. Qc5 Qxc5+ 33. Rxc5 a6 34. Bg4 g6 35. Rc8 Rxc8 36. Bxc8 f5 37. exf5 gxf5 38. Bxf5 Kg7 39. Be6 Bc6 40. Kf2 Be8 41. Rc1 Kf6 42. Ke3 Bg6 43. Rc5 Bb1 44. Bc8 Ke7 45. Bg4 Bg6 46. Rc6 a5 47. Rc7+ Ke8 48. Be6 Kd8 49. Rb7 b4 50. axb4 axb4 51. Rxb4 Ra6 52. Rg4 Bb1 53. Rh4 Rb6 54. Rxh6 Rxb2 55. d6 Rb3+ 56. Bxb3 Bf5 57. Rh5 Bd7 58. Ke4 1-0

[Event "46th GRE-chT Premier 2018"]
[Site "Rio Achaia"]
[Date "2018.07.11"]
[Round "2"]
[White "Chatziioannidi, Filippa"]
[Black "Bastianou, Chrysoula"]
[Result "0-1"]
[ECO "D30"]
[WhiteElo "1592"]
[BlackElo "1710"]
[Annotator "NA"]
[PlyCount "136"]
[EventDate "2018.07.10"]
[EventType "team-tourn"]
[EventCountry "GRE"]
[SourceTitle "playchess.com"]
[Source "ChessBase"]
[SourceQuality "1"]
[TimeControl "40/5400+30:1800+30"]

1. d4 d5 2. c4 e6 3. g3 Nf6 4. Nf3 c6 5. Qc2 Be7 6. Bg2 b6 7. O-O Bb7 8. Nbd2 O-O 9. b3 Na6 10. Bb2 Rc8 11. Rac1 c5 12. Ne5 Qc7 13. Qb1 dxc4 14. Ndxc4 Bxg2 15. Kxg2 Qb7+ 16. Nf3 Rfd8 17. Kg1 Ne4 18. Rfd1 h6 19. Ncd2 Nf6 20. e4 cxd4 21. Bxd4 Nc5 22. e5 Nd5 23. Bxc5 Bxc5 24. Ne4 Ba3 25. Rc4 b5 26. Rcd4 Qc7 27. Qd3 Bb2 28. Nd6 Bxd4 29. Nxc8 Bxf2+ 30. Kxf2 Rxc8 31. Rd2 a6 32. Qd4 Nc3 33. Kg2 Nd5 34. Ne1 Qb7 35. Kh3 Rc3 36. Nd3 Qc7 37. Nf4 Nxf4+ 38. Qxf4 Rc2 39. Rd6 Rxa2 40. Qd4 Qc2 41. Rd8+ Kh7 42. Qd3+ Qxd3 43. Rxd3 Re2 44. Rd6 Rxe5 45. Rxa6 Re3 46. Ra7 Kg6 47. Rb7 Rxb3 48. Kg2 Rb1 49. Kf2 b4 50. Ke2 b3 51. Kd2 b2 52. Kc2 Rh1 53. Kxb2 Rxh2+ 54. Kc1 Rg2 55. Rb3 e5 56. Kd1 f5 57. Ke1 Kg5 58. Kf1 Rc2 59. Rb7 g6 60. Rb3 h5 61. Kg1 h4 62. gxh4+ Kxh4 63. Kf1 e4 64. Ke1 Kg4 65. Kf1 f4 66. Ke1 e3 67. Kd1 Rh2 68. Ke1 Kf3 0-1

[Event "46th GRE-chT Premier 2018"]
[Site "Rio Achaia"]
[Date "2018.07.11"]
[Round "2"]
[White "Serpetsidaki, Eva"]
[Black "Stratigi, Evangelia"]
[Result "0-1"]
[ECO "C42"]
[WhiteElo "1591"]
[BlackElo "1688"]
[Annotator "NA"]
[PlyCount "78"]
[EventDate "2018.07.10"]
[EventType "team-tourn"]
[EventCountry "GRE"]
[SourceTitle "playchess.com"]
[Source "ChessBase"]
[SourceQuality "1"]
[TimeControl "40/5400+30:1800+30"]

1. e4 e5 2. Nf3 Nf6 3. Nxe5 d6 4. Nf3 Nxe4 5. d4 d5 6. Bd3 Bg4 7. O-O Be7 8. Re1 Nf6 9. h3 Bxf3 10. Qxf3 O-O 11. Bg5 c6 12. Nd2 Nbd7 13. Qg3 Re8 14. Re3 Nh5 15. Bxe7 Nxg3 16. Bxd8 Rxe3 17. fxe3 Rxd8 18. e4 dxe4 19. Nxe4 Nxe4 20. Bxe4 Nf6 21. Bd3 Rxd4 22. Re1 Kf8 23. Kf2 Rb4 24. b3 Rd4 25. Ke3 Rd6 26. Kf3 h6 27. a3 Re6 28. Rd1 Nd5 29. Bc4 Re5 30. Rd4 Ke7 31. Rg4 g5 32. h4 Ne3 33. Rd4 Nxc2 34. Rd2 Nxa3 35. hxg5 Nxc4 36. bxc4 hxg5 37. Ra2 a6 38. Rb2 b5 39. cxb5 axb5 0-1

[Event "46th GRE-chT Premier 2018"]
[Site "Rio Achaia"]
[Date "2018.07.11"]
[Round "2"]
[White "Moshou, Alexia"]
[Black "Anthopoulou, Ioanna"]
[Result "1-0"]
[ECO "C44"]
[WhiteElo "1582"]
[BlackElo "1359"]
[Annotator "NA"]
[PlyCount "69"]
[EventDate "2018.07.10"]
[EventType "team-tourn"]
[EventCountry "GRE"]
[SourceTitle "playchess.com"]
[Source "ChessBase"]
[SourceQuality "1"]
[TimeControl "40/5400+30:1800+30"]

1. e4 e5 2. Nf3 Nc6 3. d4 exd4 4. Bc4 h6 5. Nxd4 Bc5 6. Nxc6 bxc6 7. Bxf7+ Kxf7 8. Qh5+ Kf8 9. Qxc5+ Qe7 10. Qxe7+ Kxe7 11. Be3 Nf6 12. f3 Re8 13. Nc3 Kf7 14. O-O d5 15. Bd4 Rb8 16. b3 a6 17. Bxf6 gxf6 18. exd5 cxd5 19. Nxd5 Re2 20. Rf2 Rxf2 21. Kxf2 c6 22. Ne3 Be6 23. Rd1 Ke7 24. c4 a5 25. Nc2 c5 26. Ne3 Rd8 27. Rxd8 Kxd8 28. Nd5 f5 29. Ke3 Kd7 30. Kf4 Kd6 31. Ne3 Ke7 32. Nxf5+ Bxf5 33. Kxf5 Kf7 34. Ke5 Ke7 35. Kd5 1-0

[Event "46th GRE-chT Premier 2018"]
[Site "Rio Achaia"]
[Date "2018.07.11"]
[Round "2"]
[White "Tzagarakis, Panagiotis"]
[Black "Ergazakis, Ioannis"]
[Result "0-1"]
[ECO "B94"]
[WhiteElo "1573"]
[BlackElo "2228"]
[Annotator "NA"]
[PlyCount "84"]
[EventDate "2018.07.10"]
[EventType "team-tourn"]
[EventCountry "GRE"]
[SourceTitle "playchess.com"]
[Source "ChessBase"]
[SourceQuality "1"]
[TimeControl "40/5400+30:1800+30"]

1. e4 c5 2. Nf3 d6 3. d4 cxd4 4. Nxd4 Nf6 5. Nc3 a6 6. Bg5 Nbd7 7. a4 $11 {[%emt 0:00:00] LiveBook: 26 Games} e6 8. a5 Be7 9. Be3 Qc7 10. Be2 Ne5 11. Nb3 Bd7 12. Bb6 Qc8 13. Qd4 Bc6 14. Nd2 O-O 15. O-O Ned7 16. Nc4 d5 17. exd5 Nxd5 18. Ne4 N5xb6 19. axb6 Bd5 20. Ra5 Qc6 21. Bd3 Rac8 22. b3 Rfd8 23. Rb1 f5 24. Ned2 Bc5 25. Qh4 Nxb6 26. Ne5 Qd6 27. Ndf3 Nd7 28. Nc4 Qc7 29. Raa1 Nf8 30. Nce5 Bd6 31. Re1 Be7 32. Qh3 Bf6 33. Rad1 b5 34. Rd2 Bxf3 35. Nxf3 Bc3 36. Rde2 Bxe1 37. Rxe1 Qc3 38. Kf1 Rxd3 39. cxd3 Qxd3+ 40. Kg1 Qxb3 41. Qh5 Qb2 42. Ne5 Qxe5 0-1

[Event "46th GRE-chT Premier 2018"]
[Site "Rio Achaia"]
[Date "2018.07.11"]
[Round "2"]
[White "Laspas, Antonios"]
[Black "Tzachristas, Georgios"]
[Result "0-1"]
[ECO "A50"]
[WhiteElo "1566"]
[BlackElo "1191"]
[Annotator "NA"]
[PlyCount "66"]
[EventDate "2018.07.10"]
[EventType "team-tourn"]
[EventCountry "GRE"]
[SourceTitle "playchess.com"]
[Source "ChessBase"]
[SourceQuality "1"]
[TimeControl "40/5400+30:1800+30"]

1. d4 Nf6 2. c4 Nc6 3. Nc3 e5 4. d5 Ne7 5. e4 Ng6 6. Bd3 Bc5 7. h3 d6 8. Nf3 O-O 9. O-O Qe7 10. Na4 Bb6 11. Nxb6 axb6 12. b4 h6 13. Be3 Nh5 14. Qd2 f5 15. exf5 Bxf5 16. Bxf5 Rxf5 17. Qc2 Rf6 18. Nh2 Ngf4 19. Ng4 Rf7 20. Bxf4 Nxf4 21. f3 Qg5 22. Kh1 h5 23. Nh2 Rf6 24. Rf2 Rg6 25. Rd1 Rf8 26. Qb1 Qh4 27. Rdd2 Rff6 28. Qf1 Rg3 29. Qd1 Rfg6 30. Nf1 Nxh3 31. gxh3 Rg1+ 32. Kh2 Qf4+ 33. Ng3 Qxg3# 0-1

[Event "46th GRE-chT Premier 2018"]
[Site "Rio Achaia"]
[Date "2018.07.11"]
[Round "2"]
[White "Kollias, Ioannis K"]
[Black "Gkikas, Ioannis"]
[Result "1/2-1/2"]
[ECO "A45"]
[WhiteElo "1546"]
[BlackElo "1553"]
[Annotator "NA"]
[PlyCount "103"]
[EventDate "2018.07.10"]
[EventType "team-tourn"]
[EventCountry "GRE"]
[SourceTitle "playchess.com"]
[Source "ChessBase"]
[SourceQuality "1"]
[TimeControl "40/5400+30:1800+30"]

1. d4 Nf6 2. Bg5 Ne4 3. Bf4 d5 4. e3 c5 5. Bd3 Nf6 6. c3 Qb6 7. Qc1 Bg4 8. Nd2 Nc6 9. Ngf3 e6 10. O-O Be7 11. Ne5 Bh5 12. Ndf3 Nxe5 13. Nxe5 O-O 14. Bg5 Qc7 15. Qb1 Bd6 16. Bf4 Kh8 17. h3 Nd7 18. Nxd7 Qxd7 19. Bxd6 Qxd6 20. dxc5 Qxc5 21. Qc2 Bg6 22. Bxg6 hxg6 23. Rfd1 b5 24. e4 Rad8 25. exd5 Rxd5 26. Qe4 Re5 27. Qh4+ Kg8 28. Rd2 Rh5 29. Qd4 Rc8 30. Qxc5 Rhxc5 31. Rad1 Kf8 32. Rd7 R8c7 33. Kf1 Ke8 34. Rxc7 Rxc7 35. Ke2 Ke7 36. Ke3 Rc5 37. Rd4 a5 38. Kd3 e5 39. b4 exd4 40. bxc5 dxc3 41. Kxc3 Kd7 42. Kd4 Kc6 43. h4 f6 44. g4 f5 45. g5 f4 46. f3 Kc7 47. Kd5 b4 48. Kd4 Kd7 49. Kd5 Kc7 50. Kd4 Kd7 51. Kd5 Kc7 52. Kd4 1/2-1/2

[Event "46th GRE-chT Premier 2018"]
[Site "Rio Achaia"]
[Date "2018.07.11"]
[Round "2"]
[White "Stoimenidis, Dimitrios"]
[Black "Fragkos, Vasileios"]
[Result "1/2-1/2"]
[ECO "B90"]
[WhiteElo "1527"]
[BlackElo "1774"]
[Annotator "NA"]
[PlyCount "97"]
[EventDate "2018.07.10"]
[EventType "team-tourn"]
[EventCountry "GRE"]
[SourceTitle "playchess.com"]
[Source "ChessBase"]
[SourceQuality "1"]
[TimeControl "40/5400+30:1800+30"]

1. e4 c5 2. Nf3 d6 3. d4 cxd4 4. Nxd4 Nf6 5. Nc3 a6 6. a4 g6 7. Be2 Bg7 8. Be3 O-O 9. O-O Nbd7 10. f4 e5 11. Nb3 Qc7 12. a5 b5 13. axb6 Nxb6 14. fxe5 dxe5 15. Bd3 Re8 16. Na5 Ng4 17. Qf3 Nxe3 18. Qxe3 Bf8 19. Kh1 Bb4 20. Nb3 Bb7 21. Qf2 Rf8 22. Na2 Be7 23. Qe2 Na4 24. Rab1 Nc5 25. Nxc5 Bxc5 26. Nc3 Kg7 27. Ra1 a5 28. Rab1 a4 29. Nb5 Qe7 30. Ra1 h5 31. Na3 Bc6 32. Nc4 a3 33. Nxa3 Bxa3 34. Rxa3 Rxa3 35. bxa3 Qxa3 36. Qf2 Qe7 37. Qg3 h4 38. Qe3 Rh8 39. h3 Rh5 40. Qf2 Rh8 41. Qe3 Ra8 42. Bc4 f6 43. Bd3 Ra3 44. Qf2 g5 45. Qf3 Ba4 46. Qe2 Bc6 47. Qf3 Ba4 48. Qe2 Bc6 49. Qf3 1/2-1/2

[Event "46th GRE-chT Premier 2018"]
[Site "Rio Achaia"]
[Date "2018.07.11"]
[Round "2"]
[White "Skiadopoulou, Afroditi-Lelouda"]
[Black "Pasoglou, Nikoleta"]
[Result "0-1"]
[ECO "B73"]
[WhiteElo "1491"]
[BlackElo "1354"]
[Annotator "NA"]
[PlyCount "92"]
[EventDate "2018.07.10"]
[EventType "team-tourn"]
[EventCountry "GRE"]
[SourceTitle "playchess.com"]
[Source "ChessBase"]
[SourceQuality "1"]
[TimeControl "40/5400+30:1800+30"]

1. e4 c5 2. Nc3 Nc6 3. Nf3 g6 4. d4 cxd4 5. Nxd4 Bg7 6. Be3 d6 7. Be2 Nf6 8. O-O O-O 9. h3 Nxd4 10. Bxd4 b6 11. e5 dxe5 12. Bxe5 Bb7 13. Qd3 Qxd3 14. Bxd3 Rfd8 15. Rfe1 e6 16. Rad1 Nd5 17. Nxd5 Bxd5 18. Bxg7 Kxg7 19. c4 Bb7 20. Bb1 Rac8 21. b3 Kf6 22. f3 e5 23. Kf2 Ke6 24. Rc1 f5 25. Re2 Kf6 26. Rce1 Re8 27. g4 h6 28. Rd1 Red8 29. gxf5 Rxd1 30. Bc2 Rd6 31. fxg6 Re8 32. h4 Kg7 33. h5 Rf6 34. Re3 e4 35. Bd1 Rf5 36. Kg3 Rxh5 37. f4 Rf5 38. Bg4 Rf6 39. f5 Rd6 40. Kf4 Rd3 41. Re1 e3 42. b4 Re4+ 43. Kg3 e2+ 44. Kf2 Rxg4 45. Rxe2 Rg2+ 46. Ke1 Rxe2+ 0-1

[Event "46th GRE-chT Premier 2018"]
[Site "Rio Achaia"]
[Date "2018.07.11"]
[Round "2"]
[White "Klampatseas, Christos"]
[Black "Tsiros, Fragkiskos Vlasios"]
[Result "0-1"]
[ECO "A41"]
[WhiteElo "1440"]
[BlackElo "2181"]
[Annotator "NA"]
[PlyCount "74"]
[EventDate "2018.07.10"]
[EventType "team-tourn"]
[EventCountry "GRE"]
[SourceTitle "playchess.com"]
[Source "ChessBase"]
[SourceQuality "1"]
[TimeControl "40/5400+30:1800+30"]

1. d4 d6 2. c4 e5 3. d5 f5 4. Nc3 Nf6 5. Bg5 Be7 6. Bxf6 Bxf6 7. e4 fxe4 8. Nxe4 O-O 9. Bd3 c6 10. Ne2 cxd5 11. cxd5 Qa5+ 12. N2c3 Be7 13. O-O Bf5 14. Qb3 Nd7 15. Nb5 Bxe4 16. Bxe4 Nc5 17. Bxh7+ Kxh7 18. Qh3+ Kg8 19. Nc3 Qb4 20. Rae1 Rf7 21. Qh5 Raf8 22. Re3 Rf5 23. Qg6 Qh4 24. Rg3 Rg5 25. Qc2 Rxg3 26. hxg3 Qh7 27. Qe2 Qd3 28. Qg4 Qf5 29. Qe2 a6 30. Rd1 b5 31. b4 Nd7 32. Rd3 Nf6 33. Rf3 Qg5 34. Qc2 Rc8 35. Qb2 Rc4 36. a4 bxa4 37. Nxa4 Rc1+ 0-1

[Event "46th GRE-chT Premier 2018"]
[Site "Rio Achaia"]
[Date "2018.07.11"]
[Round "2"]
[White "Houhouli, Hristina"]
[Black "Kafetzi, Angeliki"]
[Result "0-1"]
[ECO "B40"]
[WhiteElo "1439"]
[BlackElo "1815"]
[Annotator "NA"]
[PlyCount "74"]
[EventDate "2018.07.10"]
[EventType "team-tourn"]
[EventCountry "GRE"]
[SourceTitle "playchess.com"]
[Source "ChessBase"]
[SourceQuality "1"]
[TimeControl "40/5400+30:1800+30"]

1. e4 c5 2. Nf3 e6 3. d4 cxd4 4. Nxd4 Nf6 5. Nc3 Nc6 6. Nb3 Bb4 7. Bd3 d5 8. exd5 Nxd5 9. Bd2 O-O 10. O-O Nxc3 11. bxc3 Bd6 12. Qh5 f5 13. Rfe1 Bd7 14. Nd4 Qe8 15. Qe2 e5 16. Bc4+ Kh8 17. Nb5 Bb8 18. Be3 a6 19. Na3 Bd6 20. Nb1 b5 21. Bd5 Rc8 22. c4 Nb4 23. a3 Nxd5 24. cxd5 e4 25. Bd4 Be5 26. c3 Bxd4 27. cxd4 Qf7 28. Qa2 Rc4 29. Rd1 Rfc8 30. Nd2 Rxd4 31. Nb3 Rdc4 32. Qd2 f4 33. Rac1 Bg4 34. Rxc4 bxc4 35. Rc1 cxb3 36. Rb1 Rc2 37. Qb4 b2 0-1

[Event "46th GRE-chT Premier 2018"]
[Site "Rio Achaia"]
[Date "2018.07.11"]
[Round "2"]
[White "Fragou, Maria V"]
[Black "Ilia, Anastasia"]
[Result "0-1"]
[ECO "B01"]
[WhiteElo "1427"]
[BlackElo "1348"]
[Annotator "NA"]
[PlyCount "70"]
[EventDate "2018.07.10"]
[EventType "team-tourn"]
[EventCountry "GRE"]
[SourceTitle "playchess.com"]
[Source "ChessBase"]
[SourceQuality "1"]
[TimeControl "40/5400+30:1800+30"]

1. e4 d5 2. exd5 Nf6 3. Nf3 Bg4 4. Be2 Nxd5 5. d4 e6 6. h3 Bh5 7. Ne5 Bxe2 8. Qxe2 Nf6 9. c3 c6 10. Nd2 Nbd7 11. Ndf3 h6 12. Bf4 Be7 13. O-O O-O 14. Rfd1 Nb6 15. c4 Qe8 16. Nh2 Nbd7 17. Rd3 Nxe5 18. Bxe5 Qd8 19. Ng4 Nxg4 20. Qxg4 Bf6 21. Qg3 Bxe5 22. Qxe5 Qg5 23. Qxg5 hxg5 24. Rg3 f6 25. Re1 Rfe8 26. Rd3 Rad8 27. Red1 Rd6 28. Kf1 Red8 29. Ke2 Kf7 30. a4 a5 31. Ke3 f5 32. f4 gxf4+ 33. Kxf4 Kf6 34. R1d2 g5+ 35. Kf3 c5 0-1

[Event "46th GRE-chT Premier 2018"]
[Site "Rio Achaia"]
[Date "2018.07.11"]
[Round "2"]
[White "Merkos, Thomas"]
[Black "Yannopapas, Leontios"]
[Result "1-0"]
[ECO "B38"]
[WhiteElo "1425"]
[BlackElo "1366"]
[Annotator "NA"]
[PlyCount "71"]
[EventDate "2018.07.10"]
[EventType "team-tourn"]
[EventCountry "GRE"]
[SourceTitle "playchess.com"]
[Source "ChessBase"]
[SourceQuality "1"]
[TimeControl "40/5400+30:1800+30"]

1. e4 c5 2. Nf3 g6 3. d4 cxd4 4. Nxd4 Bg7 5. c4 Nc6 6. Be3 Nf6 7. Nc3 O-O 8. Be2 d6 9. O-O Bd7 10. f3 Qb6 11. Kh1 Qxb2 12. Na4 Qb4 13. Bd2 Nxd4 14. Bxb4 Nxe2 15. Qxe2 Bxa4 16. Rac1 a6 17. c5 Bb5 18. Qf2 Bxf1 19. Qxf1 dxc5 20. Rxc5 Rac8 21. Qc4 Rxc5 22. Qxc5 Rd8 23. g3 Bf8 24. Qc7 Rd7 25. Qc8 Rd1+ 26. Kg2 Kg7 27. a3 Rb1 28. Qc7 e6 29. Qc2 Ra1 30. Qb2 Bxb4 31. Qxa1 Be7 32. Qc3 b6 33. g4 h6 34. h4 g5 35. hxg5 hxg5 36. Qe3 1-0

[Event "46th GRE-chT Premier 2018"]
[Site "Rio Achaia"]
[Date "2018.07.11"]
[Round "2"]
[White "Kotsoglou, Evi"]
[Black "Tsolakidou, Stavroula"]
[Result "0-1"]
[ECO "B44"]
[WhiteElo "1424"]
[BlackElo "2423"]
[Annotator "NA RC"]
[PlyCount "48"]
[EventDate "2018.07.10"]
[EventType "team-tourn"]
[EventCountry "GRE"]
[SourceTitle "playchess.com"]
[Source "ChessBase"]
[SourceQuality "1"]
[TimeControl "40/5400+30:1800+30"]

1. e4 c5 2. Nf3 e6 3. d4 cxd4 4. Nxd4 Nc6 5. g3 a6 6. Bg2 Nge7 7. Ne2 Ng6 8. O-O Bc5 9. Nbc3 Nge5 10. h3 $11 b5 11. Nf4 Bb7 12. Nd3 Ba7 13. Nxe5 Nxe5 14. a3 Qc7 15. Qe1 O-O 16. Bf4 Rac8 17. Qd2 Nc4 18. Qc1 e5 19. Bd2 Bd4 20. Rd1 Rfd8 21. Rb1 Qc5 22. Rf1 Nxa3 23. bxa3 Bxc3 24. Be3 Qc4 0-1

[Event "46th GRE-chT Premier 2018"]
[Site "Rio Achaia"]
[Date "2018.07.11"]
[Round "2"]
[White "Kafantaris, Pavlos"]
[Black "Spyratos, Nikolaos"]
[Result "0-1"]
[ECO "A07"]
[WhiteElo "1380"]
[BlackElo "1710"]
[Annotator "NA"]
[PlyCount "100"]
[EventDate "2018.07.10"]
[EventType "team-tourn"]
[EventCountry "GRE"]
[SourceTitle "playchess.com"]
[Source "ChessBase"]
[SourceQuality "1"]
[TimeControl "40/5400+30:1800+30"]

1. Nf3 d5 2. g3 Nf6 3. Bg2 c6 4. O-O Bg4 5. d3 Bxf3 6. Bxf3 e5 7. Nd2 Bd6 8. c4 d4 9. Qc2 Nbd7 10. a3 a5 11. b3 Qe7 12. Bb2 O-O 13. Ne4 Nxe4 14. dxe4 c5 15. Qd3 Nb8 16. Bc1 Nc6 17. Bd2 a4 18. Rfb1 axb3 19. Qxb3 Ra7 20. Ra2 Bc7 21. Qb5 Ba5 22. Bxa5 Nxa5 23. Qb6 Ra6 24. Qb5 Rc8 25. Rab2 Rcc6 26. a4 Qe6 27. Kg2 Nxc4 28. Bg4 Ne3+ 29. fxe3 Qxg4 30. Qxb7 Qxe4+ 31. Kg1 Qxe3+ 32. Kg2 h6 33. Qb8+ Kh7 34. Rf1 Rf6 35. Rxf6 Rxf6 36. Qb7 Qf2+ 37. Kh3 Qf5+ 38. g4 Qf1+ 39. Qg2 Qxg2+ 40. Kxg2 e4 41. Rc2 Rc6 42. a5 d3 43. Ra2 c4 44. exd3 c3 45. a6 exd3 46. a7 Rc8 47. Kf2 c2 48. Ra1 d2 49. a8=Q Rxa8 50. Rxa8 d1=Q 0-1